Map: Cosmic Sapphire

Players

Mimir

  • Race: Zerg Zerg
  • League: Diamond
  • Spawn Location: 5:00

IllIIIllllII - Winner!

  • Race: Terran Terran
  • League: Diamond
  • Spawn Location: 11:00

VOD

Have the link to the VOD?

Description

Time

  • Played on: Dec. 11, 2022, 10:35 p.m.
  • Length: 15:32
Show
View Real Time Build Order
Export as new Build Order

Mimir Zerg 

Build Orders: Hatch First 

Get SALT Encoding   

  12  0:00  Drone  
  13  0:12  Overlord  
  13  0:23  Drone  
  14  0:31  Drone x2  
  16  0:50  Hatchery  
  16  0:53  Drone  
  16  0:55  Drone  
  17  0:59  Drone  
  18  1:09  Extractor  
  17  1:15  Spawning Pool  
  17  1:18  Drone  
  17  1:22  Drone  
  18  1:28  Drone  
  19  2:01  Queen  
  19  2:02  Queen  
  19  2:03  Zergling x6  
  25  2:34  Spine Crawler  
  23  2:37  Drone x5  
  28  2:45  Overlord  
  28  3:05  Drone x4  
  32  3:15  Drone x4  
  36  3:20  Metabolic Boost  
  36  3:35  Extractor  
  36  3:37  Overlord  
  36  3:38  Roach Warren  
  36  3:39  Queen  
  35  3:53  Overlord  
  35  3:59  Drone x5  
  40  4:05  Overlord  
  40  4:23  Roach x2  
  46  4:24  Roach  
  46  4:43  Queen x2  
  46  4:44  Overlord x2  
  46  4:45  Drone  
  51  4:59  Overlord x4  
  51  5:04  Drone x3  
  53  5:27  Hatchery  
  52  5:30  Drone x5  
  52  5:32  Drone  
  52  5:33  Queen x2  
  62  5:40  Ravager x3  
  62  5:42  Drone  
  66  5:55  Drone x3  
  69  5:59  Spore Crawler  
  69  6:02  Spore Crawler  
  67  6:09  Lair x2  
  67  6:12  Drone x7  
  73  6:23  Drone x2  
  75  6:28  Extractor x2  
  66  6:48  Drone x3, Zergling x10  
  71  6:56  Zergling x4  
  73  7:04  Hatchery  
  73  7:05  Baneling Nest  
  71  7:09  Evolution Chamber  
  71  7:10  Evolution Chamber, Queen  
  71  7:13  Zergling x4  
  71  7:14  Spore Crawler, Spine Crawler, Zergling x14  
  78  7:26  Drone x3  
  81  7:35  Drone x3  
  81  7:36  Drone x4  
  88  7:39  Extractor  
  88  7:40  Extractor  
  88  7:43  Zerg Ground Armor Level 1, Zerg Melee Weapons Level 1  
  86  7:52  Overseer  
  86  7:59  Burrow  
  86  8:03  Drone x14  
  99  8:14  Drone x3  
  102  8:33  Drone x9  
  111  8:48  Spore Crawler  
  110  8:51  Extractor  
  110  8:52  Zergling x4  
  110  8:54  Extractor  
  110  9:00  Drone  
  111  9:12  Hatchery  
  111  9:14  Drone  
  111  9:20  Spire  
  110  9:28  Zergling x2  
  110  9:29  Overlord x6  
  110  9:30  Centrifugal Hooks  
  111  9:37  Zerg Melee Weapons Level 2, Zerg Ground Armor Level 2  
  111  9:44  Spore Crawler  
  110  9:50  Baneling x5  
  110  9:51  Baneling x11, Zergling x44  
  132  9:55  Baneling x2  
  132  9:56  Baneling x12  
  125  10:17  Zergling x24  
  124  10:26  Zergling x2  
  124  10:27  Zergling x20  
  123  10:28  Queen x2  
  123  10:29  Queen x2  
  125  10:45  Zergling x2  
  125  10:46  Zergling x8  
  111  11:02  Zergling x4  
  111  11:03  Zergling x18  
  110  11:04  Queen  
  110  11:07  Baneling x2  
  111  11:17  Zerg Flyer Weapons Level 1  
  111  11:21  Corruptor x12  
  135  11:30  Baneling x19  
  135  11:37  Hatchery  
  134  11:42  Drone x4, Infestation Pit  
  127  11:55  Zergling x32  
  127  12:00  Drone x4  
  146  12:06  Zergling x4  
  147  12:11  Queen x2  
  146  12:19  Zergling x16  
  146  12:20  Zergling x4  
  145  12:27  Zergling x10  
  148  12:33  Zergling x8  
  148  12:35  Baneling x9  
  147  12:41  Zergling x2  
  147  12:42  Zergling x6  
  144  12:45  Zergling x2  
  144  12:46  Zergling x10  
  140  12:54  Zergling x6  
  118  12:59  Baneling x2  
  118  13:00  Zergling x6  
  118  13:01  Baneling x4  
  120  13:08  Zergling x6  
  111  13:21  Zergling x14  
  111  13:24  Baneling x3  
  111  13:26  Queen x2  
  120  13:30  Drone x4  
  124  13:37  Baneling x2  
  122  13:50  Drone x3  
  125  14:00  Hatchery  
  125  14:02  Drone x8  
  120  14:06  Zergling x4  
  120  14:07  Zergling x2  
  105  14:36  Infestation Pit, Zergling x2  
  105  14:37  Zergling x42  
Show
View Real Time Build Order
Export as new Build Order

IllIIIllllII Terran - Winner!

Build Orders:  

Get SALT Encoding   

  12  0:01  SCV  
  13  0:13  SCV  
  14  0:21  Supply Depot  
  14  0:25  SCV  
  15  0:37  Refinery  
  15  0:43  SCV  
  16  0:53  Barracks  
  16  0:58  Barracks  
  16  1:03  SCV  
  17  1:15  SCV  
  18  1:24  Supply Depot  
  18  1:27  SCV  
  19  1:39  SCV  
  20  1:40  Reaper  
  21  1:52  SCV  
  22  1:54  Marine, Refinery  
  23  2:05  Bunker  
  23  2:12  Reaper, Marine  
  25  2:41  Command Center  
  25  2:50  SCV  
  26  3:02  SCV  
  26  3:05  Marine  
  28  3:14  SCV  
  29  3:23  Marine  
  30  3:29  Engineering Bay  
  30  3:33  Orbital Command  
  30  3:54  Planetary Fortress  
  30  4:11  Factory  
  30  4:13  Factory  
  30  4:15  Factory, Command Center  
  30  4:18  SCV  
  31  4:30  SCV  
  32  4:46  SCV x2  
  32  4:52  Supply Depot  
  34  4:58  SCV x2  
  36  5:08  Factory Tech Lab x3  
  36  5:10  SCV x2  
  38  5:22  SCV x2  
  38  5:35  Refinery  
  38  5:36  Cyclone x3  
  38  5:37  Refinery, Infernal Pre-Igniter  
  38  5:42  SCV x2  
  49  5:45  SCV  
  50  5:50  Supply Depot  
  50  5:54  SCV  
  52  5:57  SCV x2  
  53  6:06  SCV  
  53  6:09  SCV x2, Cyclone  
  59  6:14  Mag-Field Accelerator  
  59  6:21  Cyclone  
  59  6:22  Cyclone  
  64  6:41  Cyclone  
  67  6:53  Cyclone  
  69  6:57  Hellion  
  71  7:03  Supply Depot  
  71  7:06  Armory  
  71  7:11  Starport  
  71  7:12  Planetary Fortress  
  71  7:13  Hellion, Starport  
  73  7:27  Widow Mine  
  73  7:28  Widow Mine  
  77  7:33  SCV x2  
  77  7:34  Widow Mine  
  81  7:43  Supply Depot  
  81  7:45  SCV x2  
  81  7:49  Widow Mine  
  85  8:05  Widow Mine x2, SCV x3  
  92  8:08  Supply Depot  
  92  8:17  SCV x3  
  95  8:29  SCV x3, Starport Tech Lab x2, Fusion Core  
  95  8:31  Hellion x3  
  104  8:41  SCV x3  
  107  8:52  Hellion  
  107  8:53  SCV x3, Refinery, Hellion x2  
  107  8:54  Refinery  
  116  9:05  SCV  
  117  9:17  Factory  
  117  9:18  Factory  
  117  9:19  Factory  
  117  9:27  Command Center  
  117  9:37  Supply Depot  
  117  9:58  SCV x2, Viking  
  117  9:59  Hellion x2  
  125  10:18  Viking  
  125  10:19  SCV x2, Hellion  
  124  10:23  Hellion, Cyclone  
  116  10:28  Viking  
  116  10:31  SCV  
  119  10:40  Hellion  
  118  10:44  Cyclone  
  118  10:48  Viking  
  123  10:56  Hellion  
  119  11:01  Cyclone  
  92  11:04  SCV x3  
  92  11:10  Hellion  
  92  11:11  Hellion x2  
  101  11:16  SCV x2, Hellion  
  101  11:17  SCV, Hellion  
  108  11:18  Viking  
  110  11:28  SCV x2  
  110  11:29  SCV  
  110  11:32  Hellion x3  
  119  11:34  Hellion  
  119  11:38  Hellion x2  
  125  11:43  Viking  
  123  11:48  Viking  
  118  11:55  Cyclone  
  118  11:59  Cyclone x2  
  125  12:13  Viking  
  123  12:18  Viking  
  125  12:27  Cyclone  
  128  12:31  Cyclone x2  
  134  12:41  Factory Tech Lab x3  
  121  12:59  Cyclone  
  121  13:03  Cyclone  
  121  13:04  Cyclone  
  116  13:23  Hellion x3  
  111  13:31  Cyclone  
  114  13:35  Cyclone  
  114  13:36  Cyclone  
  118  13:44  Hellion x2, Cyclone  
  118  13:47  Planetary Fortress  
  123  13:53  Supply Depot  
  123  13:54  Supply Depot  
  123  13:56  Missile Turret  
  123  13:57  Supply Depot  
  123  13:58  Missile Turret  
  119  14:03  Cyclone  
  119  14:05  Cyclone x2  
  119  14:07  Cyclone  
  119  14:08  Cyclone  
  134  14:16  Cyclone  
  137  14:35  Cyclone  
  137  14:37  Cyclone x2  
  146  14:39  Cyclone  
  146  14:40  Cyclone  
  150  14:48  Cyclone  
  150  14:50  SCV  
  150  14:52  SCV x2  
  150  15:02  SCV  
  150  15:04  SCV x2  
  150  15:10  Hellion  
Tags
 
Add a new tag
Caveats
  • Supply blocks, unpowered buildings, or Contaminate may cause inaccurate times.
  • Supply counts are checked every 10 seconds.